 Dungeon Crawl Stone Soup version 0.23.1 (webtiles) character file.

Game seed: 0

11356 Hasart the Thaumaturge (level 11, -4/63 HPs)
             Began as a Deep Elf Earth Elementalist on Mar 1, 2019.
             Was an Elder of Vehumet.
             Slain by a troll (8 damage)
             ... led by an orc high priest
             ... on level 2 of the Orcish Mines on Mar 2, 2019.
             The game lasted 00:39:15 (10255 turns).

Hasart the Thaumaturge (DEEE)                      Turns: 10255, Time: 00:39:16

Health: -4/63      AC:  8    Str:  5    XL:     11   Next: 48%
Magic:  11/27      EV: 17    Int: 24    God:    Vehumet [****..]
Gold:   997        SH:  0    Dex: 15    Spells: 13/30 levels left

rFire    . . .     SeeInvis .   A - +7 spear of Onkuf {pain, +Blink rC+ MR+}
rCold    + + .     Gourm    .   (no shield)
rNeg     . . .     Faith    .   N - +0 troll leather armour
rPois    +         Spirit   .   P - +0 helmet
rElec    .         Reflect  .   (no cloak)
rCorr    .         Harm     .   M - +1 pair of gloves
MR       ++...                  F - +0 pair of boots
Stlth    ++........             (no amulet)
HPRegen  0.60/turn              G - ring of protection from cold
MPRegen  0.20/turn              v - ring of poison resistance

@: no status effects
A: no striking features
a: Renounce Religion, Evoke Blink


You were on level 2 of the Orcish Mines.
You worshipped Vehumet.
Vehumet was greatly pleased with you.
You were very hungry.

You visited 3 branches of the dungeon, and saw 13 of its levels.

You collected 997 gold pieces.

Inventory:

Hand Weapons
 A - the +7 spear of Onkuf (weapon) {pain, +Blink rC+ MR+}
   (You found it on level 5 of the Dungeon)

   In the hands of one skilled in necromantic magic, it inflicts extra damage on
   living creatures.
   It protects you from cold.
   It affects your resistance to hostile enchantments.
   It lets you blink.
Missiles
 b - 113 stones (quivered)
Armour
 F - a +0 pair of boots (worn)
 M - a +1 pair of gloves (worn)
 N - a +0 troll leather armour (worn)
 P - a +0 helmet (worn)
Jewellery
 q - an uncursed ring of resist corrosion
 s - a +2 ring of strength
 v - a ring of poison resistance (right hand)
 y - a +2 ring of protection
 G - a ring of protection from cold (left hand)
 O - an uncursed ring of positive energy
Wands
 l - a wand of iceblast (19)
 x - a wand of acid (10)
 z - a wand of flame (23)
 C - a wand of polymorph (11)
 K - a wand of scattershot (4)
Scrolls
 a - 4 scrolls of remove curse {unknown}
 e - 2 scrolls of enchant armour {unknown}
 f - 4 scrolls of teleportation {unknown}
 g - 9 scrolls of identify {unknown}
 h - a scroll of fear {unknown}
 o - a scroll of random uselessness {unknown}
 p - a scroll of amnesia {unknown}
 r - 2 scrolls of enchant weapon {unknown}
 t - a scroll of magic mapping {unknown}
 u - 2 scrolls of immolation {unknown}
 w - 4 scrolls of fog {unknown}
 E - a scroll of brand weapon {unknown}
 J - a scroll of noise {unknown}
 L - a scroll of vulnerability {unknown}
Potions
 i - 5 potions of curing {unknown}
 j - a potion of degeneration {unknown}
 k - a potion of might {unknown}
 m - 2 potions of mutation {unknown}
 n - 4 potions of resistance {unknown}
 B - 3 potions of heal wounds {unknown}
 D - a potion of lignification {unknown}
 H - a potion of berserk rage
 I - 2 potions of flight {unknown}
Comestibles
 d - 22 rations


   Skills:
 - Level 5.0 Fighting
 + Level 1.9 Armour
 - Level 9.0 Dodging
 - Level 2.4 Stealth
 + Level 10.1 Spellcasting
 + Level 9.5 Conjurations
   Level 1.1 Transmutations
 * Level 4.8 Fire Magic
 + Level 9.5 Earth Magic
 - Level 5.0 Evocations


You had 13 spell levels left.
You knew the following spells:

 Your Spells              Type           Power        Failure   Level  Hunger
a - Sandblast             Erth           ######       1%          1    None
b - Stone Arrow           Conj/Erth      ######       1%          3    None
c - Lee's Rapid Deconstr  Erth           ######....   1%          5    ####...
d - Fireball              Conj/Fire      #####.....   3%          5    ####...
e - Mephitic Cloud        Conj/Pois/Air  ####....     1%          3    None

Your spell library contained the following spells:

 Spells                   Type           Power        Failure   Level  Hunger
 Flame Tongue             Conj/Fire      #####        1%          1    None
 Passwall                 Tmut/Erth      #####...     1%          2    None
 Throw Flame              Conj/Fire      #####.       1%          2    None
 Conjure Flame            Conj/Fire      #####...     1%          3    None
 Sticky Flame             Conj/Fire      #####...     1%          4    #......
 Inner Flame              Hex/Fire       ###.....     2%          3    None
 Petrify                  Tmut/Erth      #####...     10%         4    #......


Dungeon Overview and Level Annotations

Branches:
Dungeon (10/15)            Temple (1/1) D:6            Lair (0/6) D:10
    Orc (2/2) D:10
    Elf: Orc:2

Altars:
Ashenzari
Cheibriados
Dithmenos
Elyvilon
Fedhas
Gozag
Hepliaklqana
Kikubaaqudgha
Makhleb
Nemelex Xobeh
Okawaru
Qazlal
Ru
Sif Muna
Trog
Uskayaw
Vehumet
Wu Jian
Xom
Yredelemnul
Zin
The Shining One

Annotations:
D:8 1 runed translucent door, doot's ghost, novice DESu
Orc:2 Urug


Message History

* * * LOW HITPOINT WARNING * * *
The orc high priest is engulfed in noxious fumes.
The orc high priest hits you but does no damage.
The orc completely misses you.
Unknown command.
Casting: Lee's Rapid Deconstruction (safe; 1% risk of failure)
Confirm with . or Enter, or press ? or * to list all spells.
Aiming: Lee's Rapid Deconstruction (safe; 1% risk of failure)
Press: ? - help, Dir - move target cursor A rock wall.
The wall shatters!
The blast of rock fragments hits the troll!
The troll is severely wounded.
The blast of rock fragments hits the orc high priest!
You kill the orc high priest!
Vehumet accepts your kill.
You feel your power returning.
You hear a shout!
The troll bites you!
You die...

........#.........#.##
.....................##
...<.............#...##
..$...................##
.......................#
.............#....###.##
..............##.## ###
......o°......##.##
....#@T....##...# .#.
##○##.####.## ###### ###


You could see a troll (confused) and an orc.

Vanquished Creatures
  A two-headed ogre (D:9)
  An orc high priest (Orc:2)
  An elephant (D:10)
  3 trolls
  Prince Ribbit (D:8)
  A queen bee (D:10)
  Grinder (D:3)
  4 hippogriffs
  3 wyverns
  11 yaks
  A wraith (D:10)
  A basilisk (D:10)
  A water moccasin (D:7)
  3 ice beasts (D:7)
  3 sky beasts
  A necrophage (D:8)
  6 orc warriors
  2 ogres
  6 centaurs
  A crocodile (D:10)
  Blork the orc (D:5)
  A big kobold (D:10)
  3 bullfrogs
  A water moccasin zombie (D:8)
  4 scorpions
  23 killer bees
  8 wights
  2 howler monkeys (D:7)
  6 hounds
  3 jellies
  4 orc priests
  A bullfrog skeleton (D:7)
  A gnoll shaman (D:9)
  10 orc wizards
  Jessica (D:2)
  2 iguanas (D:9)
  8 worker ants
  A killer bee zombie (D:6)
  20 gnolls
  2 howler monkey skeletons
  10 adders
  5 shadow imps
  2 oozes
  An adder skeleton (D:9)
  3 adder zombies
  2 worms
  2 dart slugs
  5 leopard geckos
  31 orcs
  5 giant cockroaches
  7 hobgoblins
  8 jackals
  11 kobolds
  5 quokkas
  2 ball pythons
  5 bats
  4 frilled lizards
  8 goblins
  A jackal skeleton (D:6)
  A leopard gecko skeleton (D:9)
  9 rats
281 creatures vanquished.

Notes
Turn   | Place    | Note
-------+----------+-------------------------------------------
     0 | D:1      | Hasart the Deep Elf Earth Elementalist began the quest for
                  | the Orb.
     0 | D:1      | Reached XP level 1. HP: 10/10 MP: 6/6
   172 | D:1      | Reached XP level 2. HP: 15/15 MP: 5/8
   740 | D:2      | Reached XP level 3. HP: 19/19 MP: 6/10
   969 | D:2      | Reached skill level 4 in Spellcasting
   969 | D:2      | Reached XP level 4. HP: 18/24 MP: 9/12
  1041 | D:2      | Noticed Jessica
  1045 | D:2      | Killed Jessica
  1045 | D:2      | Reached skill level 5 in Earth Magic
  1135 | D:2      | Reached XP level 5. HP: 28/28 MP: 11/13
  1858 | D:3      | Noticed Grinder
  1866 | D:3      | Killed Grinder
  1866 | D:3      | Reached skill level 5 in Spellcasting
  1866 | D:3      | Reached XP level 6. HP: 20/32 MP: 6/16
  1871 | D:3      | Learned a level 3 spell: Stone Arrow
  1877 | D:3      | Learned a level 5 spell: Lee's Rapid Deconstruction
  2344 | D:3      | Reached skill level 1 in Conjurations
  2587 | D:4      | Reached XP level 7. HP: 31/37 MP: 13/17
  2592 | D:4      | Reached skill level 5 in Dodging
  3194 | D:5      | Entered Level 5 of the Dungeon
  3257 | D:5      | Noticed Blork the orc
  3264 | D:5      | Killed Blork the orc
  3264 | D:5      | Reached skill level 1 in Fighting
  3466 | D:5      | Reached skill level 6 in Spellcasting
  3725 | D:5      | Got an ichor-stained spear
  3726 | D:5      | Identified the +7 spear of Onkuf {pain, +Blink rC+ MR+}
                  | (You found it on level 5 of the Dungeon)
  4016 | D:6      | Reached XP level 8. HP: 34/44 MP: 9/19
  4357 | D:6      | Found a staircase to the Ecumenical Temple.
  4366 | Temple   | Entered the Ecumenical Temple
  4447 | Temple   | Became a worshipper of Vehumet
  4784 | D:7      | Reached skill level 1 in Evocations
  4910 | D:7      | Reached skill level 7 in Spellcasting
  4910 | D:7      | Reached skill level 5 in Conjurations
  5215 | D:7      | Reached XP level 9. HP: 49/49 MP: 18/21
  5257 | D:7      | Found a sacrificial altar of Ru.
  5313 | D:7      | Reached * piety under Vehumet
  5313 | D:7      | Offered knowledge of Freeze by Vehumet.
  6658 | D:8      | Reached skill level 8 in Spellcasting
  6740 | D:8      | Offered knowledge of Searing Ray by Vehumet.
  6784 | D:8      | Reached ** piety under Vehumet
  6799 | D:8      | Reached XP level 10. HP: 44/56 MP: 2/24
  7192 | D:8      | Noticed Prince Ribbit
  7203 | D:8      | Killed Prince Ribbit
  7293 | D:8      | Found a runed translucent door.
  7318 | D:8      | Noticed doot's ghost (novice DESu)
  7788 | D:9      | Noticed a two-headed ogre
  7795 | D:9      | Killed a two-headed ogre
  7795 | D:9      | Reached skill level 9 in Spellcasting
  8028 | D:9      | Offered knowledge of Throw Frost by Vehumet.
  8028 | D:9      | Reached skill level 5 in Evocations
  8155 | D:9      | Learned a level 5 spell: Fireball
  8189 | D:9      | Reached skill level 1 in Fire Magic
  8318 | D:9      | Reached *** piety under Vehumet
  8639 | D:10     | Entered Level 10 of the Dungeon
  8755 | D:10     | Reached XP level 11. HP: 62/62 MP: 23/26
  8772 | D:10     | Found a staircase to the Lair.
  8842 | D:10     | Offered knowledge of Static Discharge by Vehumet.
  9196 | D:10     | Reached skill level 5 in Fighting
  9207 | D:10     | Reached skill level 1 in Armour
  9384 | D:10     | Reached **** piety under Vehumet
  9425 | D:10     | Offered knowledge of Mephitic Cloud by Vehumet.
  9430 | D:10     | Learned a level 3 spell: Mephitic Cloud
 10016 | D:10     | Found a staircase to the Orcish Mines.
 10019 | D:10     | Reached skill level 10 in Spellcasting
 10049 | Orc:1    | Entered Level 1 of the Orcish Mines
 10050 | Orc:1    | You fall through a shaft!
 10050 | Orc:2    | Entered Level 2 of the Orcish Mines
 10051 | Orc:2    | Noticed Urug
 10248 | Orc:1    | Noticed an orc high priest
 10251 | Orc:1    | Noticed a sixfirhy
 10255 | Orc:2    | Killed an orc high priest
 10255 | Orc:2    | Slain by a troll

Skill      XL: |  1  2  3  4  5  6  7  8  9 10 11 |
---------------+----------------------------------+-----
Earth Magic    | 4 5 6 7 8 9 |  9.5
Dodging        | 3 4 5 6 7 8 9 |  9.0
Spellcasting   | 4 5 6 7 8 9 10 | 10.1
Conjurations   | 1 3 5 7 9 |  9.5
Fighting       | 1 2 3 4 5 |  5.0
Evocations     | 2 4 5 |  5.0
Fire Magic     | 2 4 |  4.8
Armour         | 1 |  1.9
Stealth        | |  2.4
Transmutations | |  1.1

Action                   |  1- 3 |  4- 6 |  7- 9 | 10-12 || total
-------------------------+-------+-------+-------+-------++-------
Melee: Unarmed           |     1 |       |       |       ||     1
       Halberd           |       |    40 |       |       ||    40
       Lajatang          |       |    21 |    12 |       ||    33
       Spear             |       |       |     3 |    10 ||    13
 Cast: Sandblast         |    50 |    48 |   120 |   155 ||   373
       Lee's Rapid Decon |       |       |    21 |    38 ||    59
       Stone Arrow       |       |       |       |     4 ||     4
       Fireball          |       |       |       |    14 ||    14
       Mephitic Cloud    |       |       |       |     2 ||     2
 Stab: Sleeping          |       |     4 |     2 |       ||     6
  Eat: Chunk             |       |     5 |    13 |    20 ||    38
       Ration            |       |       |     1 |       ||     1
Armor: Robe              |     1 |     9 |     7 |     6 ||    23
       Troll leather arm |       |       |       |    11 ||    11
Dodge: Dodged            |    22 |    56 |    40 |    85 ||   203
